 Dungeon Crawl Stone Soup version 0.29-a0-322-g68df515428 (webtiles) character file.

Game seed: 16264424278737102572

16 GigaChad the Ducker (level 2, 0/23 HPs)
             Began as a Merfolk Gladiator on Apr 5, 2022.
             Slain by a bat (1 damage)
             ... on level 1 of the Dungeon.
             The game lasted 00:00:36 (122 turns).

GigaChad the Ducker (Merfolk Gladiator)              Turns: 122, Time: 00:00:37

Health: 0/23       AC:  6    Str: 14    XL:     2   Next: 58%
Magic:  2/2        EV: 12    Int:  7    God:
Gold:   0          SH:  0    Dex: 15    Spells: 1/1 levels left

rFire   . . .      SeeInvis .   a - +0 war axe
rCold   . . .      Faith    .   (no shield)
rNeg    . . .      Spirit   .   f - +0 ring mail
rPois   .          Reflect  .   c - +0 helmet
rElec   .          Harm     .   (no cloak)
rCorr   .          Rampage  .   (no gloves)
Will    .....                   (no boots)
Stlth   +.........              (no amulet)
HPRegen 0.07/turn               (no ring)
MPRegen 0.08/turn               (no ring)

@: no status effects
A: (nimble swimmer 2), mertail
a: no special abilities


You were on level 1 of the Dungeon.
You visited 1 branch of the dungeon, and saw 1 of its levels.

Inventory:

Hand Weapons
 a - a +0 war axe (weapon)
Missiles
 d - 3 throwing nets (quivered)
 e - a javelin
Armour
 b - a +0 leather armour
 c - a +0 helmet (worn)
 f - a +0 ring mail (worn)


   Skills:
 + Level 2.7 Fighting
 + Level 2.5 Axes
 + Level 2.0 Throwing
 + Level 4.5 Dodging


You had one spell level left.
You didn't know any spells.
Your spell library was empty.

Dungeon Overview and Level Annotations

Branches:
Dungeon (1/15)

Altars:


Innate Abilities, Weirdness & Mutations

((You are very nimble when in or above water. (Stealth+, EV+, Speed+++)))
Your lower body shifts to a powerful aquatic tail in water.


Message History

The bat misses you. The kobold hits you with a +0 dagger.
* * * LOW HITPOINT WARNING * * *
Found a hand axe.
The bat hits you but does no damage. The kobold attacks as you move away!
The kobold closely misses you.
An endoplasm comes into view.
The bat hits you but does no damage.
The endoplasm moves out of view.
You hit the kobold but do no damage.
The kobold is severely wounded.
The bat hits you but does no damage. The kobold barely misses you.
You closely miss the kobold.
The kobold is severely wounded.
You miss the bat. The bat hits you but does no damage.
The kobold hits you but does no damage. The bat closely misses you.
The kobold misses you.
You hit the kobold.
You kill the kobold!
You hit the bat. You slash the dart slug!
You kill the dart slug!
The bat hits you but does no damage. x2
The bat hits you but does no damage.
Things that are here:
a +0 dagger; a kobold corpse The bat hits you but does no damage.
The bat barely misses you. The endoplasm barely misses you.
The bat barely misses you. The endoplasm hits you.
* * * LOW HITPOINT WARNING * * *
An endoplasm comes into view.
Found a fuming sapphire potion.
Found a stone staircase leading down.
The endoplasm quivers.
The bat closely misses you.
The endoplasm hits you but does no damage.
The bat barely misses you. The endoplasm closely misses you.
You slash the endoplasm!
You kill the endoplasm!
You hit the bat but do no damage. The bat completely misses you.
You closely miss the bat. The bat hits you but does no damage. x3
The endoplasm jiggles.
The bat misses you. The bat barely misses you. The bat hits you.
You die...

... .....# !.... .....#
...... #.....#
......####.....#
>..............+
......#........# ####
......#........# #...
......?........+ +...
.#....J@....)..######...
......#.b).†............
........................
......#.................
..)^..#............(....
..... #.################
##... ### #......... ...
#......... #.........


You could see an endoplasm and a bat.

Vanquished Creatures
  A dart slug (D:1)
  A ball python (D:1)
  A bat (D:1)
  4 endoplasms (D:1)
  A giant cockroach (D:1)
  A hobgoblin (D:1)
  2 kobolds (D:1)
  A rat (D:1)
12 creatures vanquished.

Notes
Turn   | Place    | Note
-------+----------+-------------------------------------------
     0 | D:1      | GigaChad the Merfolk Gladiator began the quest for the Orb.
     0 | D:1      | Reached XP level 1. HP: 16/16 MP: 1/1
    89 | D:1      | Reached XP level 2. HP: 5/23 MP: 2/2
   107 | D:1      | HP: 1/23 [kobold/+0 dagger (2)]
   116 | D:1      | HP: 1/23 [endoplasm (1)]
   122 | D:1      | Slain by a bat

Illustrated notes

Levels and vault maps discovered:
D:1:      amcnicky_arrival_wind_blow, layout_basic

Action                   || total
-------------------------++-------
Melee: War axe           ||    22
Armor: Ring mail         ||    33
Dodge: Dodged            ||    37

Table legend: (Time is in decaauts)
 A = Elapsed time spent in this place.
 B = Non-inter-level travel time spent in this place.
 C = Inter-level travel time spent in this place.
 D = Time resting spent in this place.
 E = Time spent auto-exploring this place.
 F = Levels seen in this place.
 G = Mean time per level.
                   A        B        C        D        E       F      G
               +--------+--------+--------+--------+--------+-----+--------+
         Total |    130 |    130 |      0 |      0 |      0 |   1 |  130.0 |
       Dungeon |    130 |    130 |      0 |      0 |      0 |   1 |  130.0 |
               +--------+--------+--------+--------+--------+-----+--------+

Top non-repeatable levels by time:
     D:1: 130 daAuts
